 Dungeon Crawl Stone Soup version 0.29-a0-352-g0917bc69df (webtiles) character file.

Game seed: 9149851394391429753

218 spaghetti the Covert (level 5, 0/47 HPs)
             Began as a Gnoll Delver on Apr 25, 2022.
             Succumbed to a scorpion's poison
             ... on level 5 of the Dungeon.
             The game lasted 00:02:43 (637 turns).

spaghetti the Covert (Gnoll Delver)                  Turns: 637, Time: 00:02:43

Health: 0/47       AC:  3    Str: 11    XL:     5   Next: 95%
Magic:  7/7        EV: 13    Int: 11    God:
Gold:   0          SH:  0    Dex: 14    Spells: 7/7 levels left

rFire   . . .      SeeInvis .   a - +0 short sword {short}
rCold   . . .      Faith    .   (no shield)
rNeg    . . .      Spirit   .   b - +0 leather armour
rPois   .          Reflect  .   (no helmet)
rElec   .          Harm     .   (no cloak)
rCorr   .          Rampage  .   (no gloves)
Will    .....                   (no boots)
Stlth   ++++......              (no amulet)
HPRegen 0.15/turn               (no ring)
MPRegen 0.10/turn               (no ring)

@: lethally poisoned (0 -> -1)
A: fangs 1, strong nose, distributed training
a: no special abilities


You were on level 5 of the Dungeon.
You visited 1 branch of the dungeon, and saw 2 of its levels.


Innate Abilities, Weirdness & Mutations

You have very sharp teeth.
Your uncanny sense of smell can sniff out nearby items.
Your experience applies equally to all skills.


   Skills:
 + Level 6.7 Fighting
 + Level 4.9 Short Blades
 + Level 1.7 Long Blades
 + Level 1.7 Axes
 + Level 1.7 Maces & Flails
 + Level 1.7 Polearms
 + Level 1.7 Staves
 + Level 1.7 Slings
 + Level 1.7 Bows
 + Level 1.7 Crossbows
 + Level 1.7 Throwing
 + Level 1.7 Armour
 + Level 4.9 Dodging
 + Level 9.7 Stealth
 + Level 1.7 Shields
 + Level 1.7 Unarmed Combat
 + Level 1.7 Spellcasting
 + Level 1.3 Conjurations
 + Level 1.3 Hexes
 + Level 1.3 Summonings
 + Level 1.3 Necromancy
 + Level 1.3 Translocations
 + Level 1.3 Transmutations
 + Level 1.3 Fire Magic
 + Level 1.3 Ice Magic
 + Level 1.3 Air Magic
 + Level 1.3 Earth Magic
 + Level 1.3 Poison Magic
 + Level 1.9 Invocations
 + Level 1.7 Evocations


You had 7 spell levels left.
You didn't know any spells.
Your spell library was empty.

Inventory:

Hand Weapons
 a - a +0 short sword (weapon) {short}
Armour
 b - a +0 leather armour (worn)
Jewellery
 h - a ring of protection from fire
   (You found it on level 5 of the Dungeon)
Wands
 g - a wand of digging (3)
Scrolls
 c - a scroll of fog
 d - a scroll of magic mapping {!r}
 e - a scroll of fear
Potions
 f - a potion of haste {@q3}

Dungeon Overview and Level Annotations

Branches:
Dungeon (6/15)
 Temple: D:4-7

Altars:

Portals:
Ossuary: D:5

Annotations:
D:6 Menkaure

#####... # ....##.#
#.### ....##.# ##...
....##.#######...##
.##................
.##............#'#
.##............#.#
.##.........†###.###.#
.##..........'..@..'.#
.##..........###.###.#
.##............#.#
.#####'#####...#'#
....... .......
######. ####.## # '# #
.. ## #


There were no monsters in sight!


Message History

😕 HP[-3]
You take 3 damage, and now have 37/47 hp.
You feel sick.
The scorpion closely misses you. 😮 HP[-2]
You take 2 damage, and now have 35/47 hp.
You hit the scorpion.
You feel sick. The scorpion stings you.
The scorpion stings you but does no damage. 😮 HP[-3]
You take 3 damage, and now have 32/47 hp.
You barely miss the scorpion.
You feel sick.
The scorpion completely misses you. 😮 HP[-1]
You take 1 damage, and now have 31/47 hp.
You hit the scorpion.
You feel sick.
The scorpion barely misses you. 😮 HP[-1]
You take 1 damage, and now have 30/47 hp.
You hit the scorpion but do no damage.
You feel sick. The scorpion stings you.
You are more poisoned.
The scorpion poisons you! 😮 HP[-2]
You take 2 damage, and now have 28/47 hp.
Unknown command.
You hit the scorpion but do no damage. Your bite misses the scorpion.
You feel sick.
The scorpion stings you but does no damage. 😮 HP[-2]
You take 2 damage, and now have 26/47 hp.
You hit the scorpion.
You feel sick. The scorpion stings you.
* * * LOW HITPOINT WARNING * * *
😨 HP[-3]
You take 3 damage, and now have 23/47 hp.
You hit the scorpion but do no damage.
You bite the scorpion, but do no damage.
You feel sick. The scorpion misses you. 😨 HP[-2]
You take 2 damage, and now have 21/47 hp.
You hit the scorpion.
You feel sick. The scorpion stings you.
* * * LOW HITPOINT WARNING * * *
😨 HP[-3]
You take 3 damage, and now have 18/47 hp.
You hit the scorpion but do no damage.
You feel sick. The scorpion stings you.
* * * LOW HITPOINT WARNING * * *
You are lethally poisoned!
The scorpion poisons you! 😨 HP[-6]
You take 6 damage, and now have 12/47 hp.
Unknown command.
You hit the scorpion.
* * * LOW HITPOINT WARNING * * *
You feel sick.
The scorpion barely misses you. 😱 HP[-2]
You take 2 damage, and now have 10/47 hp.
Unknown command.
Unknown command.
Unknown command.
You closely miss the scorpion. Your bite misses the scorpion.
* * * LOW HITPOINT WARNING * * *
You feel sick.
The scorpion barely misses you. 😱 HP[-2]
You take 2 damage, and now have 8/47 hp.
Unknown command.
You hit the scorpion but do no damage.
* * * LOW HITPOINT WARNING * * *
You feel sick.
The scorpion closely misses you. 😱 HP[-2]
You take 2 damage, and now have 6/47 hp.
You hit the scorpion.
You kill the scorpion!
* * * LOW HITPOINT WARNING * * *
You feel sick. 😱 HP[-1]
You take 1 damage, and now have 5/47 hp.
Unknown command.
Unknown command.
Unknown command.
Unknown command.
Unknown command.
* * * LOW HITPOINT WARNING * * *
You feel sick.
You see here a scorpion corpse.
* * * LOW HITPOINT WARNING * * *
You feel sick.
There is an open door here. 😱 HP[-1]
You take 1 damage, and now have 4/47 hp.
* * * LOW HITPOINT WARNING * * *
You feel sick. 😱 HP[-1]
You take 1 damage, and now have 3/47 hp.
* * * LOW HITPOINT WARNING * * *
You feel sick. 😱 HP[-1]
You take 1 damage, and now have 2/47 hp.
Unknown command.
* * * LOW HITPOINT WARNING * * *
You feel sick.
There is a sand-covered staircase here. 😱 HP[-1]
You take 1 damage, and now have 1/47 hp.
You die...

Skill      XL: |  1  2  3  4 |
---------------+-------------+-----
Stealth        | |  9.7
Long Blades    | 1 |  1.7
Axes           | 1 |  1.7
Maces & Flails | 1 |  1.7
Polearms       | 1 |  1.7
Staves         | 1 |  1.7
Slings         | 1 |  1.7
Bows           | 1 |  1.7
Crossbows      | 1 |  1.7
Throwing       | 1 |  1.7
Armour         | 1 |  1.7
Shields        | 1 |  1.7
Unarmed Combat | 1 |  1.7
Spellcasting   | 1 |  1.7
Invocations    | 1 |  1.9
Evocations     | 1 |  1.7
Conjurations   | 1 |  1.3
Hexes          | 1 |  1.3
Summonings     | 1 |  1.3
Necromancy     | 1 |  1.3
Translocations | 1 |  1.3
Transmutations | 1 |  1.3
Fire Magic     | 1 |  1.3
Ice Magic      | 1 |  1.3
Air Magic      | 1 |  1.3
Earth Magic    | 1 |  1.3
Poison Magic   | 1 |  1.3
Fighting       | |  6.7
Short Blades   | |  4.9
Dodging        | |  4.9

Action                   |  1- 3 |  4- 6 || total
-------------------------+-------+-------++-------
Melee: Short sword       |     1 |    46 ||    47
       Bite              |       |     9 ||     9
 Stab: Sleeping          |     1 |     1 ||     2
Armor: Leather armour    |       |     6 ||     6
Dodge: Dodged            |       |    23 ||    23

Levels and vault maps discovered:
D:5:      layout_basic, kennysheep_mini_moat,
          mainiacjoe_overflow_six_doors_small, tgw_fedhas,
          nicolae_ossuary_entry_plus
D:6:      layout_rooms, trog_three_pillars_becter, uniq_duvessa,
          uniq_crazy_yiuf_cottage, uniq_blork_the_orc, uniq_prince_ribbit1,
          uniq_menkaure

Notes
Turn   | Place    | Note
-------+----------+-------------------------------------------
     0 | D:5      | Reached skill level 9 in Stealth
     0 | D:5      | spaghetti the Gnoll Delver began the quest for the Orb.
     0 | D:5      | Reached XP level 1. HP: 23/23 MP: 1/1
     0 | D:5      | magus.rc [v1.9.6]
    12 | D:5      | Noticed a howler monkey
    24 | D:6      | Noticed Blork the orc
    24 | D:6      | Noticed Menkaure
    24 | D:6      | Noticed a jelly
    24 | D:6      | Noticed a sky beast
    25 | D:6      | Killed Blork the orc
    26 | D:6      | Reached skill level 1 in Long Blades
    26 | D:6      | Reached skill level 1 in Axes
    26 | D:6      | Reached skill level 1 in Maces & Flails
    26 | D:6      | Reached skill level 1 in Polearms
    26 | D:6      | Reached skill level 1 in Staves
    26 | D:6      | Reached skill level 1 in Slings
    26 | D:6      | Reached skill level 1 in Bows
    26 | D:6      | Reached skill level 1 in Crossbows
    26 | D:6      | Reached skill level 1 in Throwing
    26 | D:6      | Reached skill level 1 in Armour
    26 | D:6      | Reached skill level 1 in Shields
    26 | D:6      | Reached skill level 1 in Unarmed Combat
    26 | D:6      | Reached skill level 1 in Spellcasting
    26 | D:6      | Reached skill level 1 in Invocations
    26 | D:6      | Reached skill level 1 in Evocations
    26 | D:6      | Reached XP level 2. HP: 29/29 MP: 1/3
    26 | D:6      | Reached XP level 3. HP: 35/35 MP: 1/4
    26 | D:6      | Reached XP level 4. HP: 41/41 MP: 1/5
    27 | D:6      | Reached skill level 1 in Conjurations
    27 | D:6      | Reached skill level 1 in Hexes
    27 | D:6      | Reached skill level 1 in Summonings
    27 | D:6      | Reached skill level 1 in Necromancy
    27 | D:6      | Reached skill level 1 in Translocations
    27 | D:6      | Reached skill level 1 in Transmutations
    27 | D:6      | Reached skill level 1 in Fire Magic
    27 | D:6      | Reached skill level 1 in Ice Magic
    27 | D:6      | Reached skill level 1 in Air Magic
    27 | D:6      | Reached skill level 1 in Earth Magic
    27 | D:6      | Reached skill level 1 in Poison Magic
    37 | D:5      | Reached XP level 5. HP: 30/47 MP: 1/7
   612 | D:5      | Found a sand-covered staircase.
   628 | D:5      | HP: 10/47 [poisoned by a scorpion]
   633 | D:5      | HP: 4/47 [poisoned by a scorpion]
   636 | D:5      | HP: 1/47 [poisoned by a scorpion]
   637 | D:5      | Succumbed to a scorpion's poison

Vanquished Creatures
  Blork the orc (D:6)
  A scorpion (D:5)
  A howler monkey (D:5)
  A jelly (D:6)
  A hound (D:5)
5 creatures vanquished.

Vanquished Creatures (others)
  16 toadstools (D:5)
16 creatures vanquished.

Grand Total: 21 creatures vanquished

Table legend:
 A = Non-vault XP
 B = Vault XP
 C = Vault XP percentage of total XP
 D = Non-vault monster count
 E = Vault monster count
 F = Vault count percentage of total count
                 A         B        C        D         E       F
            +---------+---------+-------+---------+---------+-------
      Total |     218 |      94 |  30.1 |       4 |       1 |  20.0
            +---------+---------+-------+---------+---------+-------
        D:5 |     175 |       0 |   0.0 |       3 |       0 |   0.0
        D:6 |      43 |      94 |  68.6 |       1 |       1 |  50.0
            +---------+---------+-------+---------+---------+-------

Illustrated notes

Table legend:
 A = Kills in this place as a percentage of kills in entire the game.
 B = Kills by you in this place as a percentage of kills by you in the entire game.
 C = Kills by friends in this place as a percentage of kills by friends in the entire game.
 D = Other kills in this place as a percentage of other kills in the entire game.
 E = Experience gained in this place as a percentage of experience gained in the entire game.
 F = Experience gained in this place divided by the number of levels of this place that you have seen.
                   A       B       C       D       E      F
               +-------+-------+-------+-------+-------+----------------------
         Total | 100.0 | 100.0 |   N/A |   N/A | 100.0 | 156.0
       Dungeon | 100.0 | 100.0 |   N/A |   N/A | 100.0 | 156.0
               +-------+-------+-------+-------+-------+----------------------

Table legend: (Time is in decaauts)
 A = Elapsed time spent in this place.
 B = Non-inter-level travel time spent in this place.
 C = Inter-level travel time spent in this place.
 D = Time resting spent in this place.
 E = Time spent auto-exploring this place.
 F = Levels seen in this place.
 G = Mean time per level.
                   A        B        C        D        E       F      G
               +--------+--------+--------+--------+--------+-----+--------+
         Total |    630 |    630 |      0 |    382 |    172 |   2 |  315.0 |
       Dungeon |    630 |    630 |      0 |    382 |    172 |   2 |  315.0 |
               +--------+--------+--------+--------+--------+-----+--------+

Top non-repeatable levels by time:
     D:5: 627 daAuts
     D:6: 3 daAuts
